[Event "Early-Titled-Tuesday-Blitz-May-14-2024"]
[Site "Chess.com"]
[Date "2024.05.14"]
[Round "11"]
[White "Hope_6"]
[Black "Iball95"]
[Result "1-0"]
[WhiteElo "2695"]
[BlackElo "2912"]
[TimeControl "180+1"]
[EndTime "10:08:08 PDT"]
[Termination "Hope_6 won by checkmate"]

1. e4 c5 2. c3 e6 3. d4 d5 4. exd5 exd5 5. Nf3 Nf6 6. Bb5+ Nc6 7. O-O Be7 8. dxc5 Bxc5 9. Nbd2 O-O 10. Nb3 Bb6 11. Bg5 h6 12. Bxf6 Qxf6 13. Qxd5 Rd8 14. Qe4 Bf5 15.
Qf4 g5 16. Qa4 g4 17. Bxc6 bxc6 18. Nfd4 Bd7 19. Qc4 h5 20. Nc5 Be8 21. b4 Rd5 22.
Rfe1 Rad8 23. Re4 Bd7 24. Rae1 Bf5 25. R4e3 Bg6 26. g3 Kg7 27. a4 a5 28. Qa6 Bxc5 29.
bxc5 Rxc5 30. Qa7 Kh6 31. Qxc5 Rd5 32. Qxc6 Rd6 33. Qc5 h4 34. Qe5 Qd8 35. Qf4+ Kg7 36. Qxg4 hxg3 37. Nf5+ Kf6 38. Nxd6 gxf2+ 39. Kxf2 Qxd6 40.
Qd4+ Kg5 41. Qxd6 Be4 42. Rxe4 f5 43. Rg1+ Kh5 44. Qg6# 1-0

[Event "Early-Titled-Tuesday-Blitz-May-14-2024"]
[Site "Chess.com"]
[Date "2024.05.14"]
[Round "11"]
[White "sterpfi"]
[Black "PonyQueen07"]
[Result "1-0"]
[WhiteElo "2301"]
[BlackElo "2105"]
[TimeControl "180+1"]
[EndTime "10:08:10 PDT"]
[Termination "sterpfi won by checkmate"]

1. e4 c5 2. Nf3 Nc6 3. Bb5 e5 4. O-O Bd6 5. c3 Nge7 6. d4 cxd4 7. cxd4 exd4 8. Nxd4 Nxd4 9. Qxd4 Qb6 10. Qxb6 axb6 11. Nc3 O-O 12. Be3 Bc5 13. Rfe1 d6 14. Rad1 Be6 15.
a3 Rfd8 16. Bf4 Ng6 17. Bg3 Bb3 18. Rd2 Ne5 19. Nd5 Nc4 20. Bxc4 Bxc4 21. b4 Rxa3 22. bxc5 bxc5 23. Bxd6 Rxd6 24. Ne7+ Kf8 25. Rxd6 Kxe7 26. Rb6 Rb3 27. Rxb3 Bxb3 28. Rc1 c4 29. f4 b5 30.
Kf2 b4 31. Ke3 Kd6 32. Kd4 Ba2 33.
Rxc4 Bxc4 34. Kxc4 Ke6 35. Kxb4 f5 36. e5 g5 37. g3 h5 38. Kc5 h4 39. Kc6 hxg3 40.
hxg3 g4 41. Kc5 Ke7 42. Kd5 Kd7 43. e6+ Ke7 44. Ke5 Ke8 45. Kxf5 Ke7 46. Kxg4 Kxe6 47. Kg5 Kf7 48. Kf5 Kg7 49. Ke6 Kf8 50. Kf6 Ke8 51.
Kg7 Ke7 52. f5 Kd6 53. f6 Ke5 54. f7 Ke4 55. f8=Q Ke3 56. Qf4+ Ke2 57. g4 Ke1 58. Qh2 Kf1 59. Kf6 Ke1 60. Ke5 Kf1 61. Kd4 Ke1 62.
Kd3 Kf1 63. Ke3 Ke1 64. Qh1# 1-0

[Event "Early-Titled-Tuesday-Blitz-May-14-2024"]
[Site "Chess.com"]
[Date "2024.05.14"]
[Round "11"]
[White "Savagelittlemole"]
[Black "Ginger_GM"]
[Result "0-1"]
[WhiteElo "2496"]
[BlackElo "2680"]
[TimeControl "180+1"]
[EndTime "10:08:11 PDT"]
[Termination "Ginger_GM won on time"]

1. e4 d6 2. d4 Nf6 3. Nc3 Nbd7 4. Bg5 e5 5. Nge2 Be7 6. g3 h6 7. Be3 b5 8. a3 Rb8 9. Bg2 a5 10. O-O O-O 11. h3 b4 12. axb4 axb4 13. Nd5 Nxd5 14.
exd5 Bf6 15. f4 exd4 16. Nxd4 Bb7 17. Nf5 Re8 18. Qg4 Kh8 19. Rab1 Nf8 20. Rfe1 Bc8 21. Qh5 Nh7 22. Bd4 Bxf5 23. Rxe8+ Qxe8 24. Bxf6 Nxf6 25. Qxf5 Qe3+ 26. Kh2 Re8 27. Ra1 Qf2 28. Rf1 Qd2 29. Ra1 Re2 30. Ra8+ Ne8 31. Rxe8+ Rxe8 32. Qxf7 Qe1 33. h4 Qe7 34. Qg6 Rf8 35. Be4 Kg8 36.
Qh7+ Kf7 37. Qg6+ Kg8 38. Bf5 Qe2+ 39. Kh3 Qf1+ 40. Kg4 Qd1+ 41. Kh3 Rf6 0-1

[Event "Early-Titled-Tuesday-Blitz-May-14-2024"]
[Site "Chess.com"]
[Date "2024.05.14"]
[Round "11"]
[White "PawnEatingZombie"]
[Black "SargissyanSargis"]
[Result "1/2-1/2"]
[WhiteElo "2297"]
[BlackElo "2418"]
[TimeControl "180+1"]
[EndTime "10:08:11 PDT"]
[Termination "Game drawn by repetition"]

1. e4 c5 2. Nc3 Nc6 3. f4 e6 4. g3 d5 5. Bg2 d4 6. Nce2 d3 7. cxd3 Qxd3 8. Nf3 Nf6 9. O-O Nxe4 10. f5 e5 11. b4 cxb4 12. Bb2 Bc5+ 13. Kh1 O-O 14. Nxe5 Nxe5 15. Bxe5 Nf2+ 16. Rxf2 Bxf2 17. Nf4 Qxf5 18. d4 Be6 19. Qe2 Rfd8 20. Be4 Qg4 21.
Qxf2 Rac8 22. h3 Qg5 23. Nxe6 fxe6 24. Qf4 Qxf4 25. gxf4 b6 26. Rg1 g6 27. h4 Kf7 28.
h5 Rg8 29. h6 Rc3 30. d5 Rc4 31. Bd3 Rc5 32. dxe6+ Kxe6 33. Bxg6 Rxg6 34. Rxg6+ hxg6 35. h7 Rc8 36. h8=Q Rxh8+ 37. Bxh8 Kf5 38. Be5 g5 39. Bb8 gxf4 40. Bxa7 b5 41. Kg2 Ke4 42. Bc5 Kd3 43. Bxb4 Kc4 44. a3 Kd5 45. Kf3 Kc6 46. Kxf4 Kb7 47.
Ke5 Kc6 48. Kd4 Kb6 49. Kd5 Ka6 50. Kc6 Ka7 51. Kxb5 Kb7 52. Kc5 Ka8 53. Kb5 Kb7 54.
Kc5 Ka8 55. Kb5 Kb7 1/2-1/2

[Event "Early-Titled-Tuesday-Blitz-May-14-2024"]
[Site "Chess.com"]
[Date "2024.05.14"]
[Round "11"]
[White "Matibar"]
[Black "Iskusnyh"]
[Result "1-0"]
[WhiteElo "2784"]
[BlackElo "2606"]
[TimeControl "180+1"]
[EndTime "10:08:12 PDT"]
[Termination "Matibar won on time"]

1. Nc3 d5 2. Nf3 Nf6 3. e3 g6 4. b3 Bg7 5. Bb2 O-O 6. g3 c5 7. Bg2 Nc6 8. Ne2 Qc7 9. d4 Ne4 10. O-O Rd8 11. Nd2 Nxd2 12. Qxd2 Bg4 13. Nf4 e5 14. Nxd5 Rxd5 15. Bxd5 exd4 16. exd4 Nxd4 17. Bxd4 cxd4 18. Rae1 Rd8 19. Bg2 Bf5 20. Re2 Bf6 21. Rfe1 Kg7 22. Re8 Rxe8 23. Rxe8 a5 24. Re2 b6 25.
Be4 Bh3 26. Qd3 h5 27. Re1 Qc5 28. Qf3 Qb4 29. Qe2 Bg4 30. f3 Bh3 31. Bd3 Qc5 32.
Kf2 Be6 33. h4 a4 34. bxa4 Qa3 35. Bc4 Qe3+ 36. Qxe3 dxe3+ 37. Kxe3 Bxc4 38. Rb1 Bxa2 39. Rxb6 Be5 40. f4 Bc7 41. Rb7 Ba5 42. Kd4 Be6 43. c4 Kf6 44. c5 Kf5 45. c6 Kg4 46. Rb5 Bc7 47. a5 Bxa5 48. Rxa5 Kxg3 49. Re5 Bg4 50. Rg5 1-0

[Event "Early-Titled-Tuesday-Blitz-May-14-2024"]
[Site "Chess.com"]
[Date "2024.05.14"]
[Round "11"]
[White "Felix-Rose"]
[Black "JJDAREK"]
[Result "1-0"]
[WhiteElo "2275"]
[BlackElo "2366"]
[TimeControl "180+1"]
[EndTime "10:08:12 PDT"]
[Termination "Felix-Rose won on time"]

1. e4 d6 2. d4 Nf6 3. Nc3 g6 4. Nf3 Bg7 5. h3 O-O 6. Be3 a6 7. a4 Nc6 8. a5 e5 9. dxe5 dxe5 10.
Qxd8 Rxd8 11. Bc4 h6 12. O-O Nd4 13. Nxe5 Nxc2 14. Bxf7+ Kh8 15. Bxg6 Nxa1 16. Nf7+ Kg8 17. Nxd8 Nc2 18. Bf7+ Kh7 19. Bc5 Bxh3 20. gxh3 Rxd8 21. Rc1 Nd4 22. Kf1 Nc6 23. b4 Rd3 24. Be6 Nd7 25. Ke2 Nxc5 26. Bf5+ Kg8 27. bxc5 Rd8 28. Nd5 Nxa5 29.
Nxc7 Nc6 30. Rb1 Nd4+ 31. Ke3 Be5 32. Bg4 Nc2+ 33. Kf3 Rf8+ 34. Kg2 Bd4 35. Rxb7 Rxf2+ 36. Kg3 Rf1 37. Ne6 Be5+ 38. Kh4 Bf6+ 39. Kh5 Ne3 40.
Kxh6 Nxg4+ 41. hxg4 Be5 42. g5 Rf2 43. Kg6 1-0

[Event "Early-Titled-Tuesday-Blitz-May-14-2024"]
[Site "Chess.com"]
[Date "2024.05.14"]
[Round "11"]
[White "kingofthenil"]
[Black "Revan_2002"]
[Result "1-0"]
[WhiteElo "2860"]
[BlackElo "2750"]
[TimeControl "180+1"]
[EndTime "10:08:13 PDT"]
[Termination "kingofthenil won on time"]

1. e4 e5 2. Nf3 Nc6 3. Bc4 Bc5 4.
d3 Nf6 5. c3 d6 6. Bb3 a6 7.
Nbd2 Ba7 8. Nf1 O-O 9. h3 Be6 10. Bg5 Re8 11. Ng3 Na5 12. Nh5 Nxb3 13. axb3 d5 14.
Qe2 Nxh5 15. Bxd8 Nf4 16. Qc2 Raxd8 17. O-O f6 18. Rad1 Rd6 19. Rfe1 Red8 20. d4 dxe4 21. Qxe4 Bd5 22. Qf5 g6 23. Qc2 Nxh3+ 24. Kh2 Bxf3 25. gxf3 Ng5 26. Kg2 exd4 27. cxd4 Ne6 28. Qc4 b5 29.
Qxe6+ Rxe6 30. Rxe6 Kf7 31. Rxa6 Bb6 32. d5 Ke7 33. b4 h5 34. Ra3 Rd6 35. Ra8 g5 36. Rh8 h4 37. Rh7+ Kf8 38. Ra1 Rd8 39. Re1 Kg8 40.
Ree7 Rd6 41. Rhf7 Rd8 42. Rg7+ 1-0

[Event "Early-Titled-Tuesday-Blitz-May-14-2024"]
[Site "Chess.com"]
[Date "2024.05.14"]
[Round "11"]
[White "Arteler"]
[Black "falzehope0"]
[Result "0-1"]
[WhiteElo "2228"]
[BlackElo "2370"]
[TimeControl "180+1"]
[EndTime "10:08:14 PDT"]
[Termination "falzehope0 won by checkmate"]

1. e4 d6 2. d4 Nf6 3. Nc3 Nbd7 4.
Nf3 e5 5. Bc4 Be7 6. O-O c6 7. Bb3 O-O 8. Bg5 Qc7 9. dxe5 dxe5 10.
Qe2 Nc5 11. Rfd1 Ne6 12. Be3 h6 13. Rd2 Nh7 14. Rad1 Bg5 15. Nxg5 hxg5 16. g3 g6 17. Na4 Kg7 18. Nc5 Qe7 19. Nxe6+ Bxe6 20. Rd6 Rfd8 21. Bc5 Rxd6 22. Bxd6 Qf6 23. Bb4 Bxb3 24. axb3 Nf8 25. Rd6 Ne6 26. Bc3 g4 27. Qxg4 Re8 28. f4 Qe7 29.
Bxe5+ Kg8 30. Rd2 Qc5+ 31. Kg2 Qe3 32. Re2 Qc1 33. f5 Ng7 34. Bf4 gxf5 35. exf5 Rxe2+ 36.
Qxe2 Qxb2 37. Be5 Qa2 38. Qg4 Qxc2+ 39. Kh3 Qxf5 40. Bxg7 Qxg4+ 41. Kxg4 Kxg7 42. Kf4 a5 43. Ke4 b5 44. Kd4 f5 45. Kc5 Kg6 46.
h3 Kh5 47. Kd4 Kg5 48. Kc5 f4 49. h4+ Kg4 50. gxf4 Kxh4 51. Kxc6 a4 52. f5 Kg5 53. f6 Kxf6 54. Kxb5 axb3 55. Kb4 b2 56. Kc3 b1=Q 57. Kd4 Qf5 58. Kc4 Ke6 59. Kc3 Kd5 60.
Kb2 Kc4 61. Kc1 Kc3 62. Kd1 Qe4 63. Kc1 Qe1# 0-1

[Event "Early-Titled-Tuesday-Blitz-May-14-2024"]
[Site "Chess.com"]
[Date "2024.05.14"]
[Round "11"]
[White "DominguezOnYoutube"]
[Black "Jospem"]
[Result "0-1"]
[WhiteElo "3022"]
[BlackElo "3017"]
[TimeControl "180+1"]
[EndTime "10:08:16 PDT"]
[Termination "Jospem won on time"]

1. e4 c5 2. Nf3 d6 3. d4 cxd4 4. Nxd4 Nf6 5. Nc3 a6 6. Be3 e6 7.
a3 b5 8. g4 Nfd7 9. g5 Bb7 10.
h4 Nc5 11. f3 Be7 12. Qd2 Nbd7 13. O-O-O Nb6 14. h5 d5 15. Qg2 O-O 16. g6 Bf6 17. h6 hxg6 18. Qh2 Bg5 19. Qg1 Bxh6 20.
Bxh6 gxh6 21. Rxh6 Kg7 22. Qe3 e5 23. Nf5+ gxf5 24.
Bxb5 f4 25. Rg1+ Kxh6 26. Qf2 Qg5 27. Rxg5 Kxg5 28. Qxc5 axb5 29. Qxb6 Rab8 30. Qd6 Rbe8 31. Nxd5 Bxd5 32. Qxd5 f5 33. exf5 Rxf5 34. Qxb5 Rff8 35. Qd5 Kh4 36. a4 e4 37. fxe4 f3 38. e5 f2 39.
Qh1+ Kg3 40. Qf1 Rxe5 41. Kd2 Rd8+ 42. Kc3 Re1 0-1

[Event "Early-Titled-Tuesday-Blitz-May-14-2024"]
[Site "Chess.com"]
[Date "2024.05.14"]
[Round "11"]
[White "HouseOfDurin"]
[Black "Ariadna_Atreides"]
[Result "0-1"]
[WhiteElo "2240"]
[BlackElo "2210"]
[TimeControl "180+1"]
[EndTime "10:08:16 PDT"]
[Termination "Ariadna_Atreides won on time"]

1. d4 Nf6 2. Bg5 Ne4 3. h4 c5 4.
dxc5 Qa5+ 5. Nd2 Nxg5 6. hxg5 Qxc5 7. Ngf3 d6 8. Nb3 Qc7 9. e3 Bf5 10. Bd3 Bxd3 11. Qxd3 g6 12. Qd4 e5 13. Qd2 Nc6 14.
O-O-O O-O-O 15. e4 Kb8 16. Kb1 Be7 17. c3 Na5 18.
Qd5 Nxb3 19. axb3 f5 20. exf5 gxf5 21. Rh5 Qc6 22. Qxc6 bxc6 23. Rdh1 Rdg8 24. Rxh7 Rxh7 25. Rxh7 Bxg5 26. g3 f4 27. Rd7 fxg3 28. fxg3 Be3 29. Rxd6 e4 30. Ne5 Rxg3 31. Nxc6+ Kc7 32. Rf6 Rg1+ 33.
Ka2 Bc1 34. Ne5 e3 35. Nf3 Rf1 36. Rf7+ Kb8 37. Rf8+ Kb7 38. Rf7+ Kc8 39. Rf8+ Kc7 40. Rf7+ Kd8 41. Rf8+ Ke7 42. Rf4 Rxf3 43. Rxf3 e2 0-1

[Event "Early-Titled-Tuesday-Blitz-May-14-2024"]
[Site "Chess.com"]
[Date "2024.05.14"]
[Round "11"]
[White "jaskol95"]
[Black "tarno17"]
[Result "1-0"]
[WhiteElo "2506"]
[BlackElo "2199"]
[TimeControl "180+1"]
[EndTime "10:08:17 PDT"]
[Termination "jaskol95 won on time"]

1. d4 d5 2. Bf4 e6 3. e3 Nf6 4. c3 Be7 5. Nd2 O-O 6. Ngf3 b6 7. Ne5 Bb7 8. Bd3 c5 9. Qf3 Nbd7 10. Qh3 Ne4 11. f3 Nef6 12. O-O-O cxd4 13. exd4 b5 14. g4 b4 15. g5 bxc3 16. bxc3 Nxe5 17. Bxe5 Qa5 18.
Nb1 Rfc8 19. Kd2 Qxa2+ 20. Ke3 Ne4 21. fxe4 Bxg5+ 22. Bf4 Bxf4+ 23. Kxf4 dxe4 24. Rd2 Qd5 25. Bc2 e3 26. Rg1 Kf8 27. Qxe3 g6 28. Qe5 Qd7 29. Rf2 f5 30. Ke3 Qc6 31. Kd2 Rd8 32. Na3 Rd5 33. Qh8+ Ke7 34. Qxh7+ Kd6 35. Qxg6 Rc8 36. Qf6 Qxc3+ 37.
Kd1 Rxd4+ 38. Ke2 Qxc2+ 39. Nxc2 Rxc2+ 40. Ke3 Rc3+ 41. Kxd4 1-0

[Event "Early-Titled-Tuesday-Blitz-May-14-2024"]
[Site "Chess.com"]
[Date "2024.05.14"]
[Round "11"]
[White "Saxar85"]
[Black "Antosha_Chekhonte"]
[Result "1-0"]
[WhiteElo "2793"]
[BlackElo "2606"]
[TimeControl "180+1"]
[EndTime "10:08:18 PDT"]
[Termination "Saxar85 won on time"]

1. Nf3 d5 2. g3 Bg4 3. Bg2 Nd7 4.
d4 e6 5. h3 Bh5 6. O-O Ngf6 7.
c4 c6 8. cxd5 cxd5 9. Qb3 Qb6 10. Qxb6 Nxb6 11. Nc3 Bxf3 12. Bxf3 Be7 13. Bf4 O-O 14.
Rfc1 Rfc8 15. Nb5 a6 16. Nc7 Ra7 17. Rc2 h6 18. Rac1 g5 19. Be5 Nfd7 20. Nxd5 Rxc2 21.
Nxe7+ Kf8 22. Rxc2 Kxe7 23. Rc7 f6 24. Bxf6+ Kxf6 25. e4 e5 26. Bg4 Ke7 27. dxe5 Kd8 28. Rc2 Nxe5 29. Bf5 Ra8 30. f4 Ned7 31. e5 gxf4 32. gxf4 Rc8 33. Rd2 Ke7 34. Rg2 Rf8 35. Rg7+ Kd8 36.
Bxd7 Nxd7 37. e6 Rxf4 38. Rxd7+ Kc8 39. Rh7 Re4 40. Rxh6 Re2 41. Kf1 Re5 42. Kf2 Kc7 43.
Rh7+ Kc6 44. e7 b5 45. h4 b4 46. h5 a5 47. b3 a4 48. bxa4 Kb6 49. h6 Ka5 50.
Rg7 Kxa4 51. h7 1-0

[Event "Early-Titled-Tuesday-Blitz-May-14-2024"]
[Site "Chess.com"]
[Date "2024.05.14"]
[Round "11"]
[White "Casablanca"]
[Black "ATM622"]
[Result "1-0"]
[WhiteElo "2705"]
[BlackElo "2535"]
[TimeControl "180+1"]
[EndTime "10:08:18 PDT"]
[Termination "Casablanca won by checkmate"]

1. e4 c6 2. d4 d5 3. exd5 cxd5 4.
Nf3 Nc6 5. c3 Nf6 6. Be2 g6 7.
O-O Bg7 8. Bf4 O-O 9. Ne5 Be6 10.
Nxc6 bxc6 11. Nd2 Re8 12. Be5 Bf5 13. Nb3 Qb6 14. Bd3 Bxd3 15. Qxd3 Ne4 16. Bxg7 Kxg7 17.
f3 Nf6 18. Rfe1 e5 19. Kh1 e4 20. fxe4 Nxe4 21. Rf1 a5 22. Qc2 Rab8 23. Rab1 Qb5 24. Rfe1 a4 25. Nd2 Nf2+ 26. Kg1 Rxe1+ 27. Rxe1 Nd3 28.
Rb1 Nxb2 29. a3 c5 30. h4 Qb6 31. Nf3 Qb3 32. Qe2 cxd4 33. cxd4 Rb6 34. h5 Qxa3 35. Qe5+ f6 36. Qc7+ Kh6 37. Qxb6 Qe3+ 38. Kh1 Nd3 39. Rf1 a3 40. Qxf6 a2 41. Qf8+ Kxh5 42. Qa8 Nf2+ 43.
Kh2 Ng4+ 44. Kg3 Kh6 45. Qf8+ Kh5 46. Rh1+ Nh2 47. Rxh2# 1-0

[Event "Early-Titled-Tuesday-Blitz-May-14-2024"]
[Site "Chess.com"]
[Date "2024.05.14"]
[Round "11"]
[White "Guldona_2007"]
[Black "rhwr"]
[Result "0-1"]
[WhiteElo "2196"]
[BlackElo "2326"]
[TimeControl "180+1"]
[EndTime "10:08:19 PDT"]
[Termination "rhwr won on time"]

1. e4 c5 2. Nf3 d6 3. d4 cxd4 4.
Nxd4 Nf6 5. Nc3 e5 6. Ndb5 a6 7. Na3 b5 8. Nd5 Bb7 9. Bg5 Be7 10.
Nxe7 Qxe7 11. Bd3 h6 12. Bxf6 Qxf6 13. c4 b4 14. Nc2 Nc6 15. O-O O-O 16. Qd2 a5 17.
Ne3 Nd4 18. Nd5 Bxd5 19. exd5 Qe7 20. f4 f5 21. Rae1 Qa7 22. Kh1 Rae8 23. Bb1 b3 24. a3 Qc5 25. Qc3 a4 26. Qd3 exf4 27. Rxe8 Rxe8 28. Rxf4 Re1+ 29. Rf1 Rxf1+ 30. Qxf1 Nc2 31.
Qxf5 Qe3 32. Qf1 Qd2 33. h3 Qd4 34. Qc1 Qxc4 35. Qd2 Qf1+ 36. Kh2 Qxb1 0-1

[Event "Early-Titled-Tuesday-Blitz-May-14-2024"]
[Site "Chess.com"]
[Date "2024.05.14"]
[Round "11"]
[White "ChEsper99"]
[Black "aljado"]
[Result "1-0"]
[WhiteElo "2255"]
[BlackElo "2123"]
[TimeControl "180+1"]
[EndTime "10:08:20 PDT"]
[Termination "ChEsper99 won on time"]

1. Nf3 Nf6 2. d4 g6 3. Bf4 Bg7 4. e3 d6 5. c3 O-O 6. Nbd2 b6 7. Be2 Bb7 8. O-O Nbd7 9. a4 c5 10. Re1 Re8 11. Bf1 e5 12. dxe5 dxe5 13. Bg3 Nh5 14. e4 Nxg3 15. hxg3 Nf6 16. a5 Qe7 17. Qb3 Qc7 18.
Bc4 Rad8 19. axb6 axb6 20. Ra7 Re7 21. Ba6 Qb8 22. Rxb7 Rxb7 23. Bxb7 Qxb7 24. Qb5 h5 25. Re2 Bh6 26. Nc4 Nxe4 27. Qxb6 Qxb6 28. Nxb6 Rd1+ 29. Re1 Rxe1+ 30. Nxe1 Nd2 31. Nd3 e4 32. Nf4 Kf8 33. Nd7+ Ke7 34. Nxc5 Nc4 35. b4 Kd6 36. Nxe4+ Ke5 37.
Nc5 Kd6 38. Ncd3 Ne5 39. Nxe5 Kxe5 40. Kf1 g5 41. Nxh5 f5 42. Ke2 1-0

[Event "Early-Titled-Tuesday-Blitz-May-14-2024"]
[Site "Chess.com"]
[Date "2024.05.14"]
[Round "11"]
[White "valik3504"]
[Black "Meri-Arabidze"]
[Result "1-0"]
[WhiteElo "2580"]
[BlackElo "2699"]
[TimeControl "180+1"]
[EndTime "10:08:21 PDT"]
[Termination "valik3504 won on time"]

1. Nf3 c5 2. c4 Nf6 3. Nc3 g6 4. d4 cxd4 5. Nxd4 Bg7 6. e4 d6 7.
Be2 O-O 8. Be3 Nc6 9. O-O a5 10.
Ndb5 Be6 11. Rc1 Ne5 12. b3 Nfd7 13. f4 Nc6 14. f5 Nde5 15. fxe6 fxe6 16. Rxf8+ Bxf8 17. Bg4 Qd7 18. Bh3 Nb4 19. Na4 Ra6 20. Nb6 Qc6 21.
Bxe6+ Kg7 22. Nd4 Qe8 23. Nd5 Nbd3 24. Nc7 Qd8 25. Nxa6 Nxc1 26. Bd5 Kh8 27. Qxc1 bxa6 28. Ne6 Qc8 29. Qf1 Bg7 30. Kh1 Bf6 31. h3 a4 32. Qe1 axb3 33. axb3 Qb8 34. Qa5 h5 35. Qd8+ Qxd8 36. Nxd8 Nd3 37. Ne6 Kh7 38. c5 dxc5 39.
Nxc5 Nb4 40. Bd2 Nxd5 41. exd5 Bd4 42. Ne6 Be5 43. Nc5 a5 44. Bxa5 Bd6 45. Ne6 h4 46. b4 1-0

[Event "Early-Titled-Tuesday-Blitz-May-14-2024"]
[Site "Chess.com"]
[Date "2024.05.14"]
[Round "11"]
[White "Djager97"]
[Black "laiciffOneslraCsungaM"]
[Result "1-0"]
[WhiteElo "2541"]
[BlackElo "2417"]
[TimeControl "180+1"]
[EndTime "10:08:22 PDT"]
[Termination "Djager97 won on time"]

1. e4 e6 2. d4 d5 3. Nd2 c5 4. exd5 Qxd5 5. Ngf3 cxd4 6. Bc4 Qd6 7. O-O Nf6 8. Nb3 Nc6 9. Nbxd4 Nxd4 10. Qxd4 Qxd4 11. Nxd4 Bc5 12. Nb5 O-O 13. Nc7 Rb8 14. Bf4 Nh5 15. Be5 Bd7 16. Rad1 Bc6 17. Nxe6 fxe6 18. Bxe6+ Kh8 19.
Bxb8 Rxb8 20. Bd5 Nf6 21. Bxc6 bxc6 22. b3 h6 23. g3 Rf8 24. Kg2 Ne4 25. f3 Nc3 26.
Rd7 Nxa2 27. Re1 Nb4 28. c4 Nc2 29. Re6 Ne3+ 30. Kh3 Rf5 31. Kh4 Rxf3 32. Rxc6 Bf8 33. Rc8 Kg8 34. Rxa7 Nf5+ 35. Kg4 Nd4 36. b4 Rf6 37. b5 Kh7 38. Rb7 h5+ 39. Kh3 Rf2 40. c5 Nf3 41. g4 h4 42. g5 Rxh2+ 43. Kg4 Ne5+ 44. Kf5 Nd3 45. g6+ 1-0

[Event "Early-Titled-Tuesday-Blitz-May-14-2024"]
[Site "Chess.com"]
[Date "2024.05.14"]
[Round "11"]
[White "lucasmito"]
[Black "Shushik"]
[Result "0-1"]
[WhiteElo "2696"]
[BlackElo "2555"]
[TimeControl "180+1"]
[EndTime "10:08:24 PDT"]
[Termination "Shushik won by checkmate"]

1. e4 c5 2. Nf3 d6 3. d4 cxd4 4. Nxd4 Nf6 5. Nc3 a6 6. a3 e6 7.
g4 h6 8. h4 Nc6 9. Rg1 d5 10. exd5 Nxd5 11. Nxd5 Qxd5 12. Bg2 Qe5+ 13. Be3 Bd7 14. Nxc6 Bxc6 15. Bxc6+ bxc6 16. Qd4 Qa5+ 17. b4 Qc7 18. Rd1 e5 19. Qc4 Be7 20. g5 hxg5 21. hxg5 g6 22. Ke2 Kf8 23. Rh1 Kg7 24. Rxh8 Rxh8 25.
Qxa6 Rh2 26. Qc4 Qc8 27. Qe4 Qe6 28. a4 Rh5 29. Rg1 Rh8 30. a5 Rb8 31. Bd2 c5 32. c3 cxb4 33. cxb4 Rd8 34. Rb1 Rd4 35. Qf3 Qc4+ 36.
Ke1 Re4+ 37. Kd1 Rd4 38. Ke1 Qc2 39. Rd1 Bxb4 40. Bxb4 Rxb4 41. Qd3 Qc6 42. Qd5 Qc3+ 43. Kf1 Rh4 44. Rb1 Qh3+ 45. Ke2 Qg4+ 46. Kf1 Qxg5 47.
Rb7 Qc1+ 48. Ke2 Qc2+ 49. Kf3 Rf4+ 50. Kg3 Qxf2+ 51. Kh3 Rh4# 0-1

[Event "Early-Titled-Tuesday-Blitz-May-14-2024"]
[Site "Chess.com"]
[Date "2024.05.14"]
[Round "11"]
[White "Happy1712Drummer"]
[Black "Vasily_IM"]
[Result "1-0"]
[WhiteElo "2458"]
[BlackElo "2578"]
[TimeControl "180+1"]
[EndTime "10:08:24 PDT"]
[Termination "Happy1712Drummer won by resignation"]

1. e4 e5 2. Nf3 Nf6 3. Nc3 d6 4. Bc4 Be7 5. O-O O-O 6. d4 Nbd7 7. a4 c6 8. Bg5 b6 9. Qe2 Re8 10. d5 cxd5 11. Nxd5 Nxd5 12. Bxd5 Rb8 13. Bxe7 Qxe7 14. Rfd1 Nf6 15. Bc6 Rd8 16. Rd2 Bg4 17.
h3 Bh5 18. Rad1 Rbc8 19. Bb5 Bg6 20. Bd3 Nh5 21. g3 d5 22. exd5 e4 23. Ba6 Rc5 24.
Nh4 Nf4 25. gxf4 Qxh4 26. Qg4 Qf6 27. c4 h6 28. b4 Bf5 29. Qg3 Rc7 30. d6 Rcd7 31.
c5 bxc5 32. bxc5 Qe6 33. Bb5 Rb7 34. c6 Rb6 35. c7 Rdxd6 36. c8=Q+ Qxc8 37. Rxd6 Rxd6 38. Rxd6 Qc1+ 39. Kh2 e3 40. Qxe3 Qc2 41. Rd8+ Kh7 42.
Bd3 1-0

[Event "Early-Titled-Tuesday-Blitz-May-14-2024"]
[Site "Chess.com"]
[Date "2024.05.14"]
[Round "11"]
[White "Journey_to_GrandMaster_YT"]
[Black "Fjal"]
[Result "1-0"]
[WhiteElo "2539"]
[BlackElo "2338"]
[TimeControl "180+1"]
[EndTime "10:08:24 PDT"]
[Termination "Journey_to_GrandMaster_YT won by resignation"]

1. Nf3 Nf6 2. d4 g6 3. g3 Bg7 4. Bg2 O-O 5. O-O b6 6. b3 Bb7 7. Bb2 c5 8. dxc5 bxc5 9. c4 d6 10. Nc3 Nc6 11. Re1 a6 12. e4 Ra7 13. Nd5 Re8 14.
Nxf6+ exf6 15. Qd2 Ba8 16. Rad1 Rd7 17. Qf4 Ne5 18.
Bh3 f5 19. Nxe5 dxe5 20. Qc1 Bxe4 21. Rxd7 Qxd7 22. Rxe4 Qd3 23. Re3 Qd6 24. Re1 f4 25.
Bg2 g5 26. Qd1 Qg6 27. Bd5 h5 28. Qb1 Qf6 29. Qe4 Kh8 30. gxf4 gxf4 31. f3 Rg8 32. Kh1 Qg5 33. Bxe5 f6 34. Bxf4 Qh4 35. Bxg8 f5 36. Qe8 Qxf4 37. Bd5+ Kh7 38. Bg8+ Kh6 39. Qe3 Kg5 40.
Qxf4+ Kxf4 41. Re6 Kxf3 42. Rxa6 f4 43. Bd5+ Kf2 44. Rg6 Bd4 45. Rg5 Ke3 46. Rxh5 f3 47. Rh3 Kd2 48. Rxf3 1-0

[Event "Early-Titled-Tuesday-Blitz-May-14-2024"]
[Site "Chess.com"]
[Date "2024.05.14"]
[Round "11"]
[White "MariaFominykh"]
[Black "kritipatel"]
[Result "1-0"]
[WhiteElo "2330"]
[BlackElo "2179"]
[TimeControl "180+1"]
[EndTime "10:08:24 PDT"]
[Termination "MariaFominykh won by resignation"]

1. d4 d5 2. c4 e6 3. Nc3 Nf6 4. cxd5 exd5 5. Bg5 Be7 6. e3 O-O 7. Bd3 c6 8. Qc2 Nbd7 9. Nf3 Re8 10. O-O Nf8 11.
Bxf6 Bxf6 12. b4 Bg4 13. Nd2 Rc8 14. Bf5 Bxf5 15. Qxf5 Qd6 16. Rab1 Ng6 17. b5 Rcd8 18. bxc6 bxc6 19. Nb3 Nh4 20. Qg4 Ng6 21. Nc5 Rb8 22. Qd7 Qxd7 23. Nxd7 Rxb1 24. Rxb1 Be7 25. Na4 Rd8 26. Rb7 a5 27. Kf1 Bb4 28. Rb8 Rxb8 29. Nxb8 Ne7 30. Ke2 Kf8 31. Kd3 Ke8 32. f3 Kd8 33. e4 Kc7 34. Na6+ Kd6 35. Nxb4 axb4 36.
Nc5 Ng6 37. g3 Kc7 38. Na6+ Kb6 39. Nxb4 Ne7 40. Kc3 Kb5 41. Kb3 Nc8 42. a4+ Kb6 43. exd5 cxd5 44. Nxd5+ Kc6 45. Nb4+ Kd6 46. a5 Na7 47.
Kc4 f6 48. a6 g6 49. Nd5 f5 50. Nf6 h6 51. d5 g5 52. Ng8 h5 53. Nh6 g4 54. Nxf5+ Ke5 55. fxg4 hxg4 56. Ne3 1-0

[Event "Early-Titled-Tuesday-Blitz-May-14-2024"]
[Site "Chess.com"]
[Date "2024.05.14"]
[Round "11"]
[White "GelmanAlexander"]
[Black "Lady_Nika"]
[Result "1-0"]
[WhiteElo "2661"]
[BlackElo "2486"]
[TimeControl "180+1"]
[EndTime "10:08:25 PDT"]
[Termination "GelmanAlexander won on time"]

1. c4 c5 2. Nf3 Nc6 3. d3 g6 4. a3 Bg7 5. e3 e6 6. Be2 Nge7 7.
Nbd2 O-O 8. O-O d5 9. cxd5 exd5 10. Re1 b6 11. Nf1 Bb7 12. Qc2 Re8 13. Bd2 Rc8 14.
Rac1 Nf5 15. Qb1 Nd6 16. b4 Ne7 17. bxc5 bxc5 18. Qa2 Ba6 19. Ng3 c4 20. d4 Nef5 21. Nxf5 gxf5 22. Bb4 Ne4 23. g3 Rb8 24. Bf1 Bc8 25.
Bg2 a5 26. Bc3 Rb3 27. Ba1 a4 28. Ne5 Ba6 29. Red1 Qd6 30. Qe2 Rxa3 31. Qh5 Qf6 32.
Bh3 Nd6 33. Qf3 Qe6 34. Bc3 f6 35. Nc6 Ne4 36. Bb4 Ra2 37. Ne7+ Rxe7 38. Bxf5 Qf7 39. Bxe7 Qxe7 40. Bxe4 dxe4 41. Qf5 Bf8 42. d5 Qd6 43. Qxe4 Bg7 44. Qe8+ Bf8 45. Rd4 f5 46. Qh5 c3 47.
Qxf5 c2 48. Rg4+ Kh8 49. Rxc2 1-0

[Event "Early-Titled-Tuesday-Blitz-May-14-2024"]
[Site "Chess.com"]
[Date "2024.05.14"]
[Round "11"]
[White "ab-lsv"]
[Black "lluiss"]
[Result "1/2-1/2"]
[WhiteElo "2327"]
[BlackElo "2210"]
[TimeControl "180+1"]
[EndTime "10:08:26 PDT"]
[Termination "Game drawn by repetition"]

1. d4 Nf6 2. c4 g6 3. Nc3 d5 4. Nf3 Bg7 5. Qb3 dxc4 6. Qxc4 O-O 7. e4 a6 8. Be2 b5 9. Qb3 c5 10. dxc5 Nbd7 11. Be3 Ng4 12. Qd5 Nxe3 13. fxe3 Qa5 14. O-O Rb8 15. a3 Nf6 16. Qd2 b4 17. axb4 Qxb4 18. e5 Ng4 19. Nd5 Qxc5 20. Rfc1 Qa7 21.
Rc7 Qa8 22. Nxe7+ Kh8 23. Nxc8 Rbxc8 24. Rxc8 Qxc8 25. Rxa6 Bh6 26. Ra3 Rd8 27. Nd4 Nxe5 28. Qc3 Bg7 29. Qxc8 Rxc8 30. Kf2 h5 31. b4 Nc6 32. Nxc6 Rxc6 33. b5 Rc2 34. Rb3 Be5 35.
g3 h4 36. gxh4 Bxh2 37. b6 Kg7 38. b7 Bb8 39. Kf3 Rc7 40. Bd3 Re7 41. Be4 f5 42. Bc6 Rc7 43. Bd5 Rd7 44. e4 fxe4+ 45. Bxe4 Rf7+ 46. Ke2 Re7 47. Kf3 Rf7+ 48. Ke2 Re7 49. Kf3 Rf7+ 1/2-1/2